 Dungeon Crawl Stone Soup version 0.21-a0-88-g13b9641 (webtiles) character file.

348 Spazmo the Conjurer (level 6, -9/35 HPs)
             Began as a Deep Elf Conjurer on June 26, 2017.
             Mangled by an ogre
             ... wielding a +0 giant club
              (20 damage)
             ... on level 4 of the Dungeon.
             The game lasted 00:12:00 (2597 turns).

Spazmo the Conjurer (Deep Elf Conjurer)             Turns: 2597, Time: 00:12:01

Health: -9/35      AC:  5    Str:  5    XL:     6   Next: 33%
Magic:  2/16       EV: 16    Int: 22    God:
Gold:   179        SH:  4    Dex: 15    Spells: 4/15 levels left

rFire    . . .     SeeInvis .   j - +2 short sword (speed)
rCold    . . .     Gourm    .   n - +0 buckler
rNeg     . . .     Faith    .   a - +1 robe
rPois    .         Spirit   .   (no helmet)
rElec    .         Reflect  .   t - +1 cloak {+Inv}
rCorr    .         Harm     .   (no gloves)
MR       .....                  (no boots)
Stlth    ++........             (no amulet)
HPRegen  0.11/turn              e - ring of flight
MPRegen  0.15/turn              o - +3 ring of evasion

@: no status effects
A: no striking features
a: Evoke Invisibility, Evoke Flight


You were on level 4 of the Dungeon.
You were hungry.

You visited 1 branch of the dungeon, and saw 4 of its levels.

You collected 179 gold pieces.

Inventory:

Hand Weapons
 j - a +2 short sword of speed (weapon)
 s - a +2 quarterstaff of chaos
Missiles
 h - 48 stones (quivered)
Armour
 a - a +1 robe (worn)
 n - a +0 buckler (worn)
 t - a +1 cloak of invisibility (worn)
Jewellery
 e - a ring of flight (left hand)
 o - a +3 ring of evasion (right hand)
Wands
 q - a wand of random effects (27/48)
 v - a wand of digging (10/24)
Scrolls
 f - a scroll of remove curse
 u - a scroll of blinking
 w - a scroll of teleportation
Potions
 d - a potion of mutation {unknown}
 g - a potion of heal wounds {unknown}
 i - a potion of agility {unknown}
 k - a potion of magic {unknown}
 l - a potion of might {unknown}
 m - a potion of resistance
 r - a potion of curing
Books
 b - a book of Conjurations

   Spells                             Type                      Level
   a - Magic Dart                     Conjuration                  1
   b - Searing Ray                    Conjuration                  2
   c - Dazzling Spray                 Conjuration/Hexes            3
   d - Fulminant Prism                Conjuration/Hexes            4
   e - Force Lance                    Conjuration/Translocation    4
   f - Iskenderun's Mystic Blast      Conjuration                  4
Comestibles
 c - 3 bread rations
 p - 2 meat rations
 x - 3 chunks of flesh


   Skills:
 + Level 1.9 Fighting
 + Level 3.7 Dodging
 - Level 2.4 Stealth
 + Level 1.5 Shields
 * Level 5.3 Spellcasting
 * Level 5.8 Conjurations


You had 4 spell levels left.
You knew the following spells:

 Your Spells              Type           Power        Failure   Level  Hunger
a - Magic Dart            Conj           ####         1%          1    None
b - Searing Ray           Conj           ####..       1%          2    None
c - Force Lance           Conj/Tloc      ###.....     36%         4    ####...
d - Iskenderun's Mystic   Conj           ####....     12%         4    ####...


Dungeon Overview and Level Annotations

Branches:
Dungeon (4/15)
 Temple: D:4-7

Altars:
Gozag


Message History

You feel yourself speed up.
Casting: Magic Dart
Confirm with . or Enter, or press ? or * to list all spells.
Aiming: Force Lance
Press: ? - help, Shift-Dir - straight line, f - ogre
Aim: an ogre, wielding a giant club The lance of force hits the ogre.
The ogre is lightly wounded.
You block the ogre's attack.
Casting: Force Lance
Confirm with . or Enter, or press ? or * to list all spells.
Aiming: Force Lance
Press: ? - help, Shift-Dir - straight line, f/p - ogre
Aim: an ogre, wielding a giant club (lightly wounded)
The lance of force hits the ogre.
The ogre is heavily wounded.
You are feeling hungry.
The ogre hits you with a giant club!!
Ouch! That really hurt!
You die...

#.###..######
#...........#
######..###.#
..........#
########..#
..#.o..#
####.#.#.>#
#...<#O##.#
##.#.##@##.#
#........#.#
#.########.#
.. .# ... #.
.


You could see an ogre and an orc.

Vanquished Creatures
  A centaur (D:4)
  An orc priest (D:3)
  A centaur skeleton (D:3)
  2 orc wizards (D:3)
  Crazy Yiuf (D:3)
  5 adders
  An ooze (D:3)
  A worm (D:3)
  A dart slug (D:1)
  3 leopard geckos
  7 orcs (D:3)
  2 ball pythons (D:2)
  6 bats
  3 giant cockroaches
  7 hobgoblins
  4 frilled lizards
  10 goblins
  10 kobolds
  A leopard gecko skeleton (D:4)
  4 rats
71 creatures vanquished.

Notes
Turn   | Place    | Note
-------+----------+-------------------------------------------
     0 | D:1      | Spazmo the Deep Elf Conjurer began the quest for the Orb.
     0 | D:1      | Reached XP level 1. HP: 10/10 MP: 6/6
   163 | D:1      | Reached XP level 2. HP: 15/15 MP: 2/8
   167 | D:1      | Learned a level 2 spell: Searing Ray
   894 | D:2      | Reached skill level 1 in Fighting
   913 | D:2      | Reached XP level 3. HP: 20/20 MP: 5/10
  1090 | D:2      | Reached skill level 5 in Conjurations
  1090 | D:2      | Reached XP level 4. HP: 6/25 MP: 0/11
  1585 | D:3      | Found an opulent altar of Gozag.
  1701 | D:3      | Found a runed door.
  1705 | D:3      | Noticed Crazy Yiuf
  1709 | D:3      | Killed Crazy Yiuf
  1788 | D:3      | Reached skill level 1 in Shields
  1938 | D:3      | Reached XP level 5. HP: 19/29 MP: 11/13
  1944 | D:3      | Learned a level 4 spell: Force Lance
  1949 | D:3      | Learned a level 4 spell: Iskenderun's Mystic Blast
  2416 | D:3      | Reached skill level 5 in Spellcasting
  2520 | D:4      | Reached XP level 6. HP: 28/35 MP: 9/15
  2597 | D:4      | Mangled by an ogre

Vault maps used:
D:1:      ncdulo_halloftheorcs
D:3:      lemuel_doored_altar, first_bread, uniq_crazy_yiuf_cottage
D:4:      nicolae_overflow_crystal_walls

Skill      XL: |  1  2  3  4  5 |
---------------+----------------+-----
Fighting       | 1 |  1.9
Conjurations   | 5 |  5.8
Dodging        | 3 |  3.7
Spellcasting   | 4 5 |  5.3
Shields        | 1 |  1.5
Stealth        | |  2.4

Action                   |  1- 3 |  4- 6 || total
-------------------------+-------+-------++-------
Melee: Short sword       |     6 |    11 ||    17
 Cast: Magic Dart        |    58 |    71 ||   129
       Searing Ray       |     1 |     6 ||     7
       Iskenderun's Myst |       |     2 ||     2
       Force Lance       |       |     2 ||     2
  Use: Scroll            |     6 |     2 ||     8
       Potion            |       |     2 ||     2
  Eat: Chunk             |       |     5 ||     5
Armor: Robe              |     1 |     1 ||     2
Dodge: Dodged            |     8 |    14 ||    22
Block: Buckler           |       |     3 ||     3
